Map: Dusk Towers

Players

favrite - Winner!

  • Race: Protoss Protoss

A.I. 1 (Harder)

  • Race: Terran Terran

VOD

Have the link to the VOD?

Description

Time

  • Played on: Feb. 21, 2016, 10:34 a.m.
  • Length: 9:45
Show
View Real Time Build Order
Export as new Build Order

favrite Protoss - Winner!

Build Orders: 1 Gate Expand 

Get SALT Encoding   

  12  0:03  Probe (Chrono Boost)  
  13  0:14  Probe (Chrono Boost)  
  14  0:21  Pylon  
  14  0:33  Probe (Chrono Boost)  
  15  0:43  Probe (Chrono Boost)  
  15  0:45  Gateway  
  16  0:54  Probe (Chrono Boost)  
  17  1:12  Nexus  
  17  1:16  Probe (Chrono Boost)  
  18  1:27  Probe (Chrono Boost)  
  18  1:32  Zealot  
  21  1:53  Probe (Chrono Boost)  
  22  2:03  Probe (Chrono Boost)  
  23  2:10  Pylon x2  
  23  2:13  Gateway  
  23  2:24  Zealot, Probe x2 (Chrono Boost)  
  27  2:34  Probe (Chrono Boost)  
  27  2:35  Probe (Chrono Boost)  
  29  2:42  Pylon x2  
  29  2:44  Pylon  
  29  2:51  Zealot  
  31  2:52  Gateway  
  31  3:08  Probe (Chrono Boost)  
  31  3:09  Probe (Chrono Boost)  
  31  3:11  Zealot  
  35  3:18  Zealot  
  35  3:19  Probe x2 (Chrono Boost)  
  39  3:32  Nexus  
  39  3:37  Probe x2 (Chrono Boost)  
  39  3:38  Zealot  
  43  3:48  Probe x2 (Chrono Boost)  
  45  3:58  Probe x2 (Chrono Boost)  
  47  4:06  Zealot  
  47  4:07  Zealot x2  
  47  4:09  Probe x2 (Chrono Boost)  
  55  4:16  Gateway  
  55  4:20  Gateway  
  55  4:22  Gateway  
  55  4:29  Pylon  
  55  4:30  Pylon  
  55  4:32  Pylon  
  55  4:33  Zealot  
  55  4:34  Zealot x2  
  55  4:37  Pylon  
  62  4:38  Probe (Chrono Boost)  
  62  4:39  Probe (Chrono Boost)  
  63  4:49  Probe x3 (Chrono Boost)  
  66  4:59  Probe x2 (Chrono Boost)  
  69  5:00  Probe (Chrono Boost)  
  69  5:01  Zealot x2  
  73  5:17  Gateway  
  73  5:23  Pylon  
  73  5:24  Pylon  
  73  5:25  Pylon  
  73  5:26  Zealot  
  73  5:27  Zealot x3  
  73  5:28  Zealot x2  
  85  5:37  Probe x3 (Chrono Boost)  
  88  5:47  Probe (Chrono Boost)  
  88  5:48  Probe (Chrono Boost)  
  90  5:54  Zealot x4  
  90  5:55  Zealot x2  
  102  6:18  Gateway  
  102  6:20  Gateway  
  102  6:24  Gateway  
  102  6:26  Zealot x2  
  102  6:27  Zealot x5  
  116  6:53  Zealot  
  116  6:54  Zealot x6  
  130  7:05  Zealot, Pylon x2  
  130  7:07  Pylon  
  130  7:20  Zealot  
  130  7:21  Zealot x6  
  130  7:22  Zealot  
  140  7:23  Zealot  
  138  7:32  Zealot  
  140  7:48  Zealot x7  
  140  7:49  Zealot  
  140  7:50  Zealot  
  152  7:59  Zealot  
  124  8:15  Zealot x7  
  124  8:16  Zealot  
  124  8:17  Zealot  
  140  8:26  Zealot  
  136  8:42  Zealot x2  
  136  8:43  Zealot x6, Pylon  
  136  8:44  Zealot, Pylon  
  136  8:47  Pylon  
  154  8:50  Pylon  
  154  8:54  Zealot  
  156  8:57  Gateway  
  156  9:00  Gateway  
  156  9:09  Zealot x2  
  160  9:10  Zealot x5  
  160  9:11  Zealot x2  
Show
View Real Time Build Order
Export as new Build Order

A.I. 1 (Harder) Terran 

Build Orders: MMM Bio 

Get SALT Encoding   

  12  0:00  SCV  
  13  0:13  SCV  
  14  0:19  Supply Depot  
  14  0:25  SCV  
  15  0:40  SCV  
  15  0:41  Barracks  
  16  0:48  Refinery  
  16  0:52  SCV  
  17  1:04  SCV  
  18  1:17  SCV  
  19  1:20  Supply Depot  
  19  1:27  Marine  
  19  1:29  SCV  
  21  1:38  Barracks  
  21  1:41  Orbital Command  
  21  1:47  Refinery  
  21  1:48  Barracks Tech Lab  
  21  2:05  Factory  
  21  2:06  Marine  
  22  2:20  Supply Depot  
  22  2:24  Marauder  
  22  2:28  Marine  
  25  2:46  Marauder  
  25  2:49  Hellion  
  29  2:53  Supply Depot  
  29  2:58  Marine  
  30  3:07  Marine  
  31  3:17  Marine  
  32  3:22  Supply Depot  
  32  3:27  Marauder  
  34  3:36  Hellion  
  36  3:44  SCV  
  36  3:48  Marauder  
  39  3:54  Supply Depot  
  39  3:56  SCV  
  39  3:57  Hellion  
  42  4:05  Engineering Bay  
  42  4:08  SCV  
  43  4:19  Hellion  
  43  4:20  SCV  
  46  4:32  SCV  
  47  4:40  Hellion  
  47  4:44  SCV  
  50  5:01  Hellion  
  52  5:23  Hellion  
  54  6:25  Barracks Tech Lab, Marine  
  54  6:26  Stimpack, Terran Infantry Weapons Level 1  
  54  6:27  Factory, Factory Tech Lab  
  54  6:30  Starport  
  54  6:32  Command Center, Starport  
  55  6:35  Supply Depot  
  55  6:37  Missile Turret  
  55  6:38  Missile Turret  
  55  6:42  Concussive Shells  
  55  6:43  Marine  
  55  6:44  Marine  
  57  6:51  Siege Tank  
  60  6:59  Bunker  
  60  7:01  Marine, Supply Depot  
  60  7:04  Marine  
  62  7:09  Starport Tech Lab x2  
  62  7:11  Factory Tech Lab  
  62  7:19  Marine  
  63  7:23  Siege Tank  
  63  7:25  Combat Shields  
  63  7:27  Marine, Supply Depot  
  65  7:30  Raven  
  65  7:37  Marine  
  66  7:45  SCV x2, Marine  
  66  7:47  Siege Tank  
  72  7:52  Refinery  
  72  7:54  Missile Turret  
  72  7:55  Cyclone  
  72  7:56  Missile Turret  
  72  7:57  SCV, Refinery  
  72  7:58  SCV  
  76  7:59  Marine  
  56  8:06  Marine  
  56  8:09  SCV  
  45  8:17  Marine  
  42  8:24  Marauder  
  33  8:35  Marine  
  33  8:39  Viking  
  27  8:43  SCV  
  27  8:45  Marine  
  21  8:49  SCV  
  21  8:53  Marine  
  22  8:56  SCV  
  22  9:03  SCV, Marine  
  22  9:09  SCV  
  24  9:15  SCV  
  26  9:21  SCV  
  22  9:27  SCV, Marine  
Tags
 
Composition
MMM Bio
Matchup
PvT
Add a new tag
Caveats
  • Supply blocks, unpowered buildings, or Contaminate may cause inaccurate times.
  • Supply counts are checked every 10 seconds.